 Dungeon Crawl Stone Soup version 0.18-a0-1116-g1750dec (webtiles) character file.

70 Reinor the Conjurer (level 4, -6/33 HPs)
             Began as a Draconian Conjurer on Jan 17, 2016.
             Mangled by Terence
             ... wielding a +2 flail of protection
              (9 damage)
             ... on level 2 of the Dungeon.
             The game lasted 00:09:23 (1612 turns).

Reinor the Conjurer (Draconian Conjurer)            Turns: 1612, Time: 00:09:23

Health: -6/33      AC:  5    Str: 11    XL:     4   Next: 4%
Magic:  3/8        EV: 12    Int: 16    God:
Gold:   122        SH:  0    Dex: 11    Spells: 3 memorised, 3 levels left

rFire  . . .     SeeInvis .     f - +0 quarterstaff
rCold  . . .     Gourm    .     (armour unavailable)
rNeg   . . .     Faith    .     (shield currently unavailable)
rPois  .         Spirit   .     (helmet restricted)
rElec  .         Dismiss  .     (no cloak)
rCorr  .         Reflect  .     (no gloves)
SustAt .         Harm     .     (no boots)
MR     .....                    (no amulet)
Stlth  ++........               (no ring)
                                (no ring)

@: slowed, very slow, not resistant to hostile enchantments, unstealthy
A: unfitting armour, cold-blooded, AC +5
a: no special abilities


You were on level 2 of the Dungeon.
You were not hungry.

You visited 1 branch of the dungeon, and saw 2 of its levels.

You collected 122 gold pieces.

Inventory:

Hand Weapons
 f - a +0 quarterstaff (weapon)
Scrolls
 c - a scroll of noise {unknown}
 d - a scroll of remove curse
 g - 3 scrolls of identify {unknown}
Potions
 e - a potion of ambrosia {unknown}
 h - a potion of resistance {unknown}
 i - a potion of haste {unknown}
Books
 a - a book of Conjurations

   Spells                             Type                      Level
   a - Magic Dart                     Conjuration                  1
   b - Searing Ray                    Conjuration                  2
   c - Dazzling Spray                 Conjuration/Hexes            3
   d - Fulminant Prism                Conjuration/Hexes            4
   e - Iskenderun's Mystic Blast      Conjuration                  4
   f - Iskenderun's Battlesphere      Conjuration/Charms           5
Comestibles
 b - 2 bread rations


   Skills:
 - Level 0.2 Staves
 - Level 1.7 Dodging
 - Level 1.7 Stealth
 + Level 3.0 Spellcasting
 - Level 5.0 Conjurations


You had 3 spell levels left.
You knew the following spells:

 Your Spells              Type           Power        Failure   Level  Hunger
a - Magic Dart            Conj           ###.         2%          1    #......
b - Searing Ray           Conj           ###...       4%          2    ##.....
c - Dazzling Spray        Conj/Hex       ##......     21%         3    ###....


Dungeon Overview and Level Annotations

Branches:
Dungeon (2/15)

Altars:

Annotations:
D:2 Terence


Innate Abilities, Weirdness & Mutations

Your plain brown scales are hard (AC +5).
Your body does not fit into most forms of armour.
You are cold-blooded and may be slowed by cold attacks.


Message History

Terence is almost dead.
Terence shouts, "Now you die!"
Terence zaps a wand.
You feel as though you will be slow longer.
Terence hits you with a flail of protection!
You barely miss Terence.
Terence is severely wounded.
Terence completely misses you.
You closely miss Terence.
Terence is severely wounded.
Terence hits you with a flail of protection!
* * * LOW HITPOINT WARNING * * *
Terence zaps a wand.
You feel as though you will be slow longer.
Drink which item? (? for menu, Esc to quit)
Okay, then.
You completely miss Terence.
Terence is severely wounded.
Terence hits you with a flail of protection!
You die...

...###### ......@.#
#@# #.#########
#.#.......#
#.#.#####.# #######
#.#.#####.# #.....#
#......##.#
##.....#####.##.##.#
#.......# #.##.##.#
####.......#
#.......#


You could see Terence.

Vanquished Creatures
  2 adders (D:2)
  2 oozes
  2 giant geckos (D:1)
  8 bats
  A giant cockroach (D:2)
  A goblin (D:1)
  4 hobgoblins
  11 jackals (D:1)
  A kobold (D:2)
  A giant newt (D:1)
  7 rats
40 creatures vanquished.

Notes
Turn   | Place    | Note
--------------------------------------------------------------
     0 | D:1      | Reinor the Draconian Conjurer began the quest for the Orb.
     0 | D:1      | Reached XP level 1. HP: 14/14 MP: 3/3
   130 | D:1      | Reached XP level 2. HP: 20/20 MP: 1/5
   557 | D:1      | Reached skill level 5 in Conjurations
   565 | D:1      | Reached XP level 3. HP: 16/26 MP: 0/6
   581 | D:1      | Learned a level 2 spell: Searing Ray
   585 | D:1      | Learned a level 3 spell: Dazzling Spray
  1401 | D:2      | Reached XP level 4. HP: 33/33 MP: 4/8
  1586 | D:2      | Noticed Terence
  1612 | D:2      | Mangled by Terence

Vault maps used:
D:1:      minmay_arrival_up_and_down, amethyst_killhole
D:2:      uniq_terence

Action                   |  1- 3 |  4- 6 || total
-------------------------+-------+-------++-------
Melee: Unarmed           |    35 |       ||    35
       Quarterstaff      |     6 |    17 ||    23
 Cast: Magic Dart        |    66 |    11 ||    77
       Searing Ray       |       |     1 ||     1
  Use: Scroll            |     1 |       ||     1
  Eat: Chunk             |     3 |       ||     3
